AoeStats
← ska_18

Black Forest

506623083Analyzed
3v3 RM · 17d ago on Sep 14, 2026· 62m 43s· 6 players
Game mode
Random Map
Map size
Normal (6 player)
Population
200
Speed
Normal
Resources
Standard
Victory
Conquest
Starting age
Dark Age
Ending age
Imperial Age
RankedLock teamsTeams togetherTeam positionsShared explorationLock speedFull tech treeHidden civsTurbo modeCheats
Victory
Defeat
🇫🇷 Bohemians · France
1009
+13
🇬🇧 Bulgarians · United Kingdom
955
+15
🇦🇹 Saracens · Austria
921
+16
🇳🇿 Khitans · New Zealand
995
-17
🇮🇳 Ethiopians · India
911
-14
🇬🇧 Khmer · United Kingdom
897
-13
amossegaetan
0:32 Loom
14:11 Feudal Age
15:47 Wheelbarrow
14:58 Town Watch
14:55 Horse Collar
15:04 Double-Bit Axe
26:27 Castle Age
24:40 Forging
24:21 Fletching
24:33 Padded Archer Armor
24:35 Man-at-Arms
25:55 Scale Mail Armor
28:47 Husbandry
39:57 Hand Cart
42:13 Bow Saw
42:55 Heavy Plow
46:01 Caravan
47:52 Crossbowman
48:45 Town Patrol
50:52 Chemistry
49:54 Bodkin Arrow
50:14 Leather Archer Armor
61:32 Imperial Age
61:34 Arbalester
62:37 Bracer
63:08 Ring Archer Armor
63:08 Conscription
HighTowerM8
0:28 Loom
13:53 Feudal Age
15:06 Horse Collar
15:15 Double-Bit Axe
16:10 Wheelbarrow
22:20 Forging
26:08 Castle Age
25:06 Stone Mining
25:07 Gold Mining
27:18 Pikeman
30:04 Heavy Plow
33:23 Bow Saw
34:26 Gold Shaft Mining
38:54 Imperial Age
36:53 Masonry
37:57 Hand Cart
39:15 Stone Shaft Mining
39:42 Iron Casting
39:12 Scale Barding Armor
39:08 Scale Mail Armor
38:59 Fletching
39:27 Bloodlines
40:09 Conscription
39:50 Elite Konnik
42:01 Stirrups
43:35 Chemistry
42:49 Caravan
44:00 Bagains
45:08 Blast Furnace
44:29 Chain Barding Armor
44:24 Chain Mail Armor
44:05 Bodkin Arrow
44:13 Husbandry
44:01 Gambesons
44:02 Arson
44:18 Squires
48:17 Town Watch
ska_18
0:59 Loom
13:02 Feudal Age
15:29 Double-Bit Axe
15:25 Horse Collar
18:07 Castle Age
16:39 Fletching
21:07 Wheelbarrow
24:46 Hand Cart
26:30 Bow Saw
26:32 Town Watch
28:20 Gold Mining
28:20 Stone Mining
28:32 Heavy Plow
28:45 Forging
29:11 Scale Barding Armor
29:42 Iron Casting
29:51 Murder Holes
32:24 Gold Shaft Mining
32:20 Bloodlines
32:10 Husbandry
31:30 Light Cavalry
32:33 Chain Barding Armor
33:12 Bodkin Arrow
34:16 Fervor
34:27 Sanctity
34:44 Masonry
34:14 Treadmill Crane
37:39 Imperial Age
36:07 Fortified Wall
36:57 Caravan
37:28 Coinage
37:30 Ballistics
38:25 Town Patrol
39:31 Banking
40:02 Two-Man Saw
40:05 Blast Furnace
39:27 Conscription
39:19 Bimaristan
40:42 Hoardings
40:29 Elite Mameluke
42:48 Chemistry
42:43 Plate Barding Armor
42:10 Bracer
50:04 Siege Engineers
52:03 Herbal Medicine
52:09 Devotion
58:19 Hussar
58:20 Heavy Camel Rider
58:52 Guard Tower
58:47 Arrowslits
Donelson
6:45 Loom
12:59 Feudal Age
14:02 Man-at-Arms
14:44 Arson
22:23 Castle Age
21:45 Scale Mail Armor
21:56 Forging
22:26 Pikeman
24:56 Town Watch
26:43 Wheelbarrow
27:26 Horse Collar
28:17 Double-Bit Axe
30:19 Gold Mining
30:42 Heavy Plow
31:09 Town Patrol
30:58 Long Swordsman
35:35 Chain Mail Armor
37:36 Iron Casting
38:41 Padded Archer Armor
38:32 Fletching
38:14 Crossbowman
39:36 Bow Saw
40:42 Bodkin Arrow
41:03 Leather Archer Armor
41:48 Ballistics
45:32 Imperial Age
43:51 Town Patrol
45:39 Arbalester
46:55 Ring Archer Armor
46:26 Bracer
50:00 Chemistry
Spectra
14:12 Feudal Age
19:53 Castle Age
19:07 Double-Bit Axe
19:07 Horse Collar
19:25 Gold Mining
22:35 Heavy Plow
27:24 Wheelbarrow
26:35 Loom
27:06 Bow Saw
29:04 Hand Cart
30:33 Stone Mining
31:19 Gold Shaft Mining
37:27 Stone Shaft Mining
41:09 Imperial Age
41:06 Masonry
40:53 Murder Holes
40:49 Arson
41:04 Squires
41:20 Capped Ram
42:43 Scale Mail Armor
42:54 Forging
44:03 Chemistry
43:34 Architecture
44:17 Two-Man Saw
43:07 Siege Ram
44:45 Conscription
44:27 Torsion Engines
44:31 Royal Heirs
44:43 Heavy Scorpion
46:56 Siege Engineers
47:14 Halberdier
49:28 Chain Mail Armor
49:49 Iron Casting
49:15 Padded Archer Armor
53:06 Royal Heirs
55:24 Plate Mail Armor
54:45 Fletching
55:56 Blast Furnace
Wrecking Ball Paul
1:35 Loom
14:46 Feudal Age
19:17 Castle Age
17:52 Gold Mining
17:46 Domestication
18:21 Double-Bit Axe
21:37 Husbandry
21:52 Forging
21:45 Squires
24:49 Wheelbarrow
25:07 Husbandry
25:32 Arson
25:33 Gambesons
28:07 Iron Casting
27:33 Scale Mail Armor
36:39 Stone Mining
38:54 Chain Mail Armor
38:30 Fletching
38:46 Scale Barding Armor
41:16 Imperial Age
38:35 Town Watch
39:47 Hand Cart
40:34 Lamellar Armor
46:37 Stone Shaft Mining
46:15 Bow Saw
46:08 Town Patrol
46:07 Elite Fire Lancer
49:12 Coinage
48:56 Guilds
49:27 Light Cavalry
50:44 Hussar
51:46 Elite Steppe Lancer
57:58 Bodkin Arrow
58:04 Padded Archer Armor
58:35 Plate Mail Armor
58:25 Chain Barding Armor
Connection lost

Rejoining the realm…

Still unreachable

The connection could not be restored.

Session expired

The server has moved on; the page needs a fresh start.